 Dungeon Crawl Stone Soup version 0.29-a0-67-g1d65ae1bb4 (webtiles) character file.

Game seed: 9503383593773326271

59 Bosse the Skirmisher (level 3, 0/29 HPs)
             Began as a Demonspawn Abyssal Knight on Feb 3, 2022.
             Was a Follower of Lugonu.
             Killed by divine providence
             ... invoked by an orc priest
              (16 damage)
             ... on level 3 of the Dungeon.
             The game lasted 00:04:40 (2301 turns).

Bosse the Skirmisher (Demonspawn Abyssal Knight)    Turns: 2301, Time: 00:04:40

Health: 0/29       AC:  6    Str: 15    XL:     3   Next: 78%
Magic:  4/4        EV:  9    Int: 11    God:    Lugonu [*.....]
Gold:   73         SH:  0    Dex: 13    Spells: 2/2 levels left

rFire   . . .      SeeInvis .   a - +2 hand axe
rCold   . . .      Faith    .   (no shield)
rNeg    . . .      Spirit   .   g - +0 scale mail
rPois   .          Reflect  .   (helmet restricted)
rElec   .          Harm     .   d - scarf {repulsion}
rCorr   .          Rampage  .   (no gloves)
Will    .....                   (no boots)
Stlth   ..........              (no amulet)
HPRegen 0.09/turn               (no ring)
MPRegen 0.09/turn               (no ring)

@: repel missiles
A: antennae 2
a: Renounce Religion, Depart the Abyss


You were on level 3 of the Dungeon.
You worshipped Lugonu.
Lugonu was aware of your devotion.
You visited 1 branch of the dungeon, and saw 3 of its levels.
You visited the Abyss 1 time.

You collected 73 gold pieces.

Inventory:

Hand Weapons
 a - a +2 hand axe (weapon)
Armour
 b - a +0 leather armour
 d - a scarf of repulsion (worn)
 g - a +0 scale mail (worn)
Magical Staves
 f - a staff of cold
Scrolls
 c - a scroll of fear
Potions
 e - a potion of lignification


   Skills:
 + Level 3.4 Fighting
 * Level 2.7 Axes
 + Level 2.3 Armour
 + Level 1.5 Dodging
 - Level 2.5 Invocations


You had 2 spell levels left.
You didn't know any spells.
Your spell library was empty.

Dungeon Overview and Level Annotations

Branches:
Dungeon (3/15)

Altars:


Innate Abilities, Weirdness & Mutations

You have a pair of antennae on your head.


Message History

The orc is moderately wounded.
You hit the orc. The orc barely misses you. x2
You slash the orc!
You kill the orc!
Lugonu accepts your kill.
You barely miss the orc. The orc hits you with a +0 flail.
The orc priest invokes the aid of Beogh against you.
You barely resist. You barely miss the orc.
The orc is moderately wounded.
The orc closely misses you.
You closely miss the orc.
The orc is moderately wounded.
You barely miss the orc priest. The orc priest barely misses you.
The orc barely misses you.
You hit the orc.
The orc is heavily wounded.
You hit the orc priest.
The orc priest calls upon Beogh to heal the orc.
The orc's wounds heal themselves!
The orc priest calls upon Beogh to heal the orc priest.
The orc priest's wounds heal themselves!
The orc hits you but does no damage.
The orc priest hits you with a +0 dagger.
You hit the orc priest.
The orc priest is moderately wounded.
You hit the orc. The orc barely misses you. The orc priest closely misses you.
The orc hits you with a +0 flail.
You barely miss the orc priest.
The orc priest is moderately wounded.
You hit the orc.
You kill the orc!
Lugonu accepts your kill.
The orc priest begins to cast a cantrip, but forgets the words!
You hit the orc priest.
The orc priest is moderately wounded.
The orc priest calls down the wrath of Beogh upon you.
Beogh smites you!
Ouch! That really hurt!
You die...

#.....#....##.#...
..#.....#....##.#...
..#.....#....##.#...
.#.....#....##.....
.. #...##.######.).
#o #...##.## #### #o
#.......#
###o##...##..#
#..)@#...##..#
#....#...##..#
#.....#####..#
#...#.# #... #...#..
..... #...##.# .....
#### .# .. #.#


You could see 2 orc priests and an orc.

Vanquished Creatures
  2 adders (D:2)
  3 orcs (D:3)
  2 ball pythons (D:2)
  9 endoplasms
  A giant cockroach (D:1)
  3 goblins (D:1)
  5 hobgoblins
  5 bats
  5 frilled lizards
  A kobold (D:1)
36 creatures vanquished.

Notes
Turn   | Place    | Note
-------+----------+-------------------------------------------
     0 | Abyss:1  | Bosse the Demonspawn Abyssal Knight began the quest for the
                  | Orb.
     0 | Abyss:1  | Reached XP level 1. HP: 18/18 MP: 2/2
    84 | Abyss:1  | Found a corrupted altar of Lugonu.
    97 | Abyss:1  | Noticed a lich
   105 | Abyss:1  | Noticed a wretched star
   108 | D:1      | Escaped the Abyss
   174 | D:1      | Reached skill level 1 in Dodging
   420 | D:1      | Gained mutation: You have a pair of small antennae on your
                  | head. [demonic ancestry]
   420 | D:1      | Reached XP level 2. HP: 12/24 MP: 3/3
   587 | D:1      | Reached * piety under Lugonu
  1465 | D:2      | Gained mutation: You have a pair of antennae on your head.
                  | [demonic ancestry]
  1465 | D:2      | Reached XP level 3. HP: 22/29 MP: 4/4
  2230 | D:3      | Found a faded altar of an unknown god.
  2244 | D:3      | Found a faded altar of an unknown god.
  2301 | D:3      | Killed from afar by an orc priest

Illustrated notes

Levels and vault maps discovered:
D:1:      minmay_arrival_wavy_path, layout_loops_ring,
          minmay_misc_feat_nine_boxes
D:2:      layout_basic, grunt_ministairs_14
D:3:      layout_basic, mainiacjoe_overflow_catwalk_spiral, lemuel_tele_altar,
          hellmonk_ecumenical_altar_the_god_not_taken,
          minmay_goblin_kobold_house

Skill      XL: |  1  2 |
---------------+-------+-----
Dodging        | 1 |  1.5
Axes           | 2 |  2.7
Armour         | 2 |  2.3
Fighting       | |  3.4
Invocations    | |  2.5

Action                   || total
-------------------------++-------
Melee: Hand axe          ||   102
       Punch             ||     1
Invok: Depart the Abyss  ||     1
  Use: Scroll            ||     2
       Potion            ||     1
 Stab: Sleeping          ||     1
Armor: Leather armour    ||    26
       Scale mail        ||    11
Dodge: Dodged            ||    57

Table legend: (Time is in decaauts)
 A = Elapsed time spent in this place.
 B = Non-inter-level travel time spent in this place.
 C = Inter-level travel time spent in this place.
 D = Time resting spent in this place.
 E = Time spent auto-exploring this place.
 F = Levels seen in this place.
 G = Mean time per level.
                   A        B        C        D        E       F      G
               +--------+--------+--------+--------+--------+-----+--------+
         Total |   2319 |   2271 |     48 |     49 |   1853 |   4 |  579.8 |
       Dungeon |   2211 |   2163 |     48 |     49 |   1832 |   3 |  737.0 |
         Abyss |    108 |    108 |      0 |      0 |     21 |   1 |  108.0 |
               +--------+--------+--------+--------+--------+-----+--------+

Top non-repeatable levels by time:
     D:2: 1062 daAuts
     D:1: 1027 daAuts
     D:3: 121 daAuts
 Abyss:1: 108 daAuts
